AoeStats
← DoYouThinkThatsWise

Arabia

510374964Analyzed
1v1 RM · 14h ago on Sep 30, 2026· 24m 4s· 2 players
Game mode
Random Map
Map size
Tiny (2 player)
Population
200
Speed
Normal
Resources
Standard
Victory
Conquest
Starting age
Dark Age
Ending age
Imperial Age
RankedLock teamsTeams togetherTeam positionsShared explorationLock speedFull tech treeHidden civsTurbo modeCheats
Victory
Defeat
🇭🇰 Celts · Hong Kong SAR China
1349
+14
🇬🇧 Mongols · United Kingdom
1309
-14
DoYouThinkThatsWise
3:15 Loom
5:31 Loom
9:01 Feudal Age
12:48 Double-Bit Axe
13:55 Scale Barding Armor
22:53 Castle Age
21:09 Horse Collar
22:45 Padded Archer Armor
22:35 Fletching
23:08 Fletching
24:10 Stone Mining
Marty10032
6:06 Loom
8:19 Feudal Age
7:08 Loom
9:14 Double-Bit Axe
15:21 Fletching
16:43 Forging
18:00 Scale Barding Armor
22:18 Castle Age
20:29 Horse Collar
21:35 Gold Mining
22:56 Bodkin Arrow
22:21 Crossbowman
22:38 Light Cavalry
Connection lost

Rejoining the realm…

Still unreachable

The connection could not be restored.

Session expired

The server has moved on; the page needs a fresh start.